Map: Molten Temple

Players

MADMAX

  • Race: Terran Terran
  • League: Platinum
  • Spawn Location: 9:00

mark

  • Race: Protoss Protoss
  • League: Silver
  • Spawn Location: 9:00

Mensor

  • Race: Protoss Protoss
  • League: Platinum
  • Spawn Location: 9:00

Loken

  • Race: Zerg Zerg
  • League: Platinum
  • Spawn Location: 3:00

dallaskuken

  • Race: Protoss Protoss
  • League: Platinum
  • Spawn Location: 3:00

TimeTwist

  • Race: Zerg Zerg
  • Spawn Location: 3:00

VOD

Have the link to the VOD?

Description

Time

  • Played on: March 22, 2017, 6:07 a.m.
  • Length: 6:59
Show
View Real Time Build Order
Export as new Build Order

MADMAX Terran 

Build Orders:  

Get SALT Encoding   

  12  0:02  SCV  
  13  0:14  SCV  
  13  0:18  Supply Depot  
  14  0:26  SCV  
  15  0:33  Supply Depot  
  15  0:40  SCV  
  16  0:52  SCV  
  16  0:55  Barracks  
  17  1:04  Barracks  
  17  1:10  Refinery  
  17  1:17  Refinery  
  17  1:18  SCV  
  18  1:32  SCV  
  20  1:49  Orbital Command  
  20  1:53  Marine x2  
  21  2:02  Factory  
  21  2:11  Marine x2  
  23  2:17  SCV  
  24  2:27  Supply Depot  
  24  2:29  SCV  
  25  2:32  Barracks Reactor  
  25  2:35  Barracks Reactor  
  25  2:41  SCV  
  26  2:46  Factory Tech Lab  
  26  3:04  Supply Depot  
  26  3:07  Siege Tank  
  26  3:09  Marine x2  
  31  3:14  Marine x2  
  33  3:33  Marine x2  
  35  3:36  Marine  
  35  3:39  Siege Tank  
  39  3:45  Marine  
  40  3:50  Marine  
  41  3:59  Marine x2  
  43  4:05  Marine  
  43  4:08  Marine  
  45  4:11  Siege Tank  
  48  4:21  Marine  
  48  4:22  Marine  
  50  4:43  Siege Tank  
  50  4:44  Marine x2  
  50  4:45  Marine x2  
  57  5:02  Marine x3  
  57  5:03  Marine  
  60  5:16  Siege Tank  
  60  5:20  Marine  
  59  5:31  Marine x3  
  62  5:38  Marine  
  59  5:48  Siege Tank  
  59  5:49  Marine  
  63  6:03  Marine  
  63  6:20  Marine x4, Siege Tank  
  70  6:38  Marine  
Show
View Real Time Build Order
Export as new Build Order

mark Protoss 

Build Orders:  

Get SALT Encoding   

  12  0:02  Probe (Chrono Boost)  
  13  0:13  Probe (Chrono Boost)  
  14  0:20  Pylon  
  14  0:32  Probe (Chrono Boost)  
  15  0:43  Probe (Chrono Boost)  
  15  0:46  Forge  
  16  0:53  Probe (Chrono Boost)  
  18  1:04  Probe (Chrono Boost)  
  18  1:21  Pylon  
  18  1:24  Pylon  
  18  1:49  Photon Cannon  
  18  1:52  Photon Cannon  
  18  1:55  Pylon  
  18  2:12  Photon Cannon  
  17  2:19  Photon Cannon  
  17  2:28  Photon Cannon  
  17  2:31  Photon Cannon  
  17  2:37  Photon Cannon  
  17  2:51  Photon Cannon  
  17  2:55  Gateway  
  17  2:56  Assimilator  
  16  3:02  Assimilator  
  16  3:06  Pylon  
  16  3:09  Probe (Chrono Boost)  
  18  3:20  Probe (Chrono Boost)  
  18  3:26  Photon Cannon  
  18  3:30  Probe (Chrono Boost)  
  19  3:41  Probe (Chrono Boost)  
  20  3:51  Probe (Chrono Boost)  
  21  4:00  Cybernetics Core  
  21  4:08  Probe (Chrono Boost)  
  22  4:28  Nexus  
  22  4:38  Probe (Chrono Boost)  
  23  4:48  Pylon  
  23  4:49  Mothership Core (Chrono Boost)  
  25  4:52  Pylon  
  25  4:55  Assimilator  
  25  5:22  Photon Cannon  
  25  5:29  Photon Cannon  
  25  5:33  Stargate  
  25  5:36  Pylon  
  25  5:42  Probe (Chrono Boost)  
  26  5:49  Probe (Chrono Boost)  
  27  5:53  Probe (Chrono Boost)  
  28  5:59  Probe (Chrono Boost)  
  28  6:03  Probe (Chrono Boost)  
  30  6:10  Probe (Chrono Boost)  
  31  6:14  Probe (Chrono Boost)  
  32  6:20  Probe (Chrono Boost)  
  32  6:24  Probe (Chrono Boost)  
  34  6:29  Stargate  
  34  6:31  Probe (Chrono Boost)  
  34  6:32  Pylon  
  35  6:35  Probe (Chrono Boost)  
  35  6:36  Stargate  
  35  6:39  Assimilator  
  36  6:45  Probe (Chrono Boost)  
  37  6:58  Stargate  
Show
View Real Time Build Order
Export as new Build Order

Mensor Protoss 

Build Orders:  

Get SALT Encoding   

  12  0:09  Pylon  
  13  0:14  Probe (Chrono Boost)  
  13  0:28  Gateway  
  13  0:31  Probe (Chrono Boost)  
  14  0:39  Assimilator  
  14  0:41  Probe (Chrono Boost)  
  15  0:52  Probe (Chrono Boost)  
  16  0:57  Gateway  
  16  1:12  Pylon  
  16  1:15  Cybernetics Core  
  16  1:18  Probe (Chrono Boost)  
  17  1:29  Probe (Chrono Boost)  
  17  1:30  Assimilator  
  19  1:47  Probe (Chrono Boost)  
  19  1:48  Adept  
  19  1:51  Adept  
  19  1:53  Warp Gate  
  24  2:02  Probe (Chrono Boost)  
  24  2:12  Pylon  
  24  2:17  Gateway  
  24  2:25  Adept  
  24  2:26  Adept  
  28  2:40  Twilight Council  
  28  2:46  Probe (Chrono Boost)  
  29  3:06  Adept x2  
  29  3:07  Adept  
  29  3:12  Resonating Glaives  
  37  3:14  Mothership Core (Chrono Boost)  
  37  3:30  Gateway  
  37  3:50  Pylon  
  37  4:02  Stalker  
  39  4:09  Stalker x2  
  43  4:18  Pylon  
  43  4:38  Stalker x3  
  49  4:56  Adept  
  51  5:02  Probe (Chrono Boost)  
  51  5:04  Pylon  
  52  5:17  Adept x2  
  52  6:07  Adept  
  52  6:08  Adept x3  
  56  6:38  Adept x3  
  56  6:39  Adept  
Show
View Real Time Build Order
Export as new Build Order

Loken Zerg 

Build Orders: Hatch First 

Get SALT Encoding   

  12  0:01  Drone  
  13  0:13  Overlord  
  13  0:19  Drone  
  14  0:33  Drone x2  
  14  0:35  Drone  
  17  0:47  Drone  
  18  1:01  Hatchery  
  18  1:02  Drone  
  18  1:14  Drone  
  19  1:19  Spawning Pool  
  18  1:27  Extractor  
  17  1:49  Overlord x2  
  17  2:07  Zergling x2  
  17  2:08  Zergling x2  
  19  2:09  Queen  
  19  2:12  Queen  
  23  2:16  Zergling x4  
  25  2:23  Extractor  
  24  2:58  Drone x6  
  30  3:09  Metabolic Boost  
  30  3:21  Drone  
  30  3:22  Drone x3  
  34  3:38  Hatchery  
  34  3:41  Drone x6  
  39  4:02  Spore Crawler  
  38  4:06  Drone  
  38  4:07  Drone x4  
  38  4:09  Overlord  
  43  4:10  Overlord  
  43  4:19  Lair  
  43  4:27  Zergling x2  
  43  4:28  Zergling x8  
  48  4:35  Spore Crawler  
  47  4:45  Spine Crawler  
  46  4:49  Spine Crawler  
  46  4:51  Zergling x12  
  45  5:18  Zergling x2  
  45  5:19  Zergling x20  
  47  5:34  Zergling x16  
  38  5:54  Zergling x14  
  44  6:10  Zergling x6  
  36  6:29  Zergling x8  
Show
View Real Time Build Order
Export as new Build Order

dallaskuken Protoss 

Build Orders:  

Get SALT Encoding   

  12  0:01  Probe (Chrono Boost)  
  13  0:20  Pylon  
  13  0:24  Probe (Chrono Boost)  
  14  0:35  Probe (Chrono Boost)  
  15  0:44  Forge  
  15  0:55  Gateway  
  15  1:09  Probe (Chrono Boost)  
  16  1:19  Probe (Chrono Boost)  
  16  1:22  Photon Cannon  
  17  2:19  Probe (Chrono Boost)  
  18  2:30  Probe (Chrono Boost)  
  18  2:36  Pylon  
  19  2:40  Probe (Chrono Boost)  
  20  2:52  Pylon  
  20  2:56  Photon Cannon  
  20  2:59  Photon Cannon  
  20  3:04  Assimilator  
  20  3:08  Assimilator  
  20  3:15  Zealot  
  20  3:18  Nexus  
  22  3:24  Assimilator  
  22  3:29  Assimilator  
  22  3:39  Cybernetics Core  
  22  3:47  Probe (Chrono Boost)  
  23  3:56  Pylon  
  23  3:58  Probe (Chrono Boost)  
  24  4:08  Probe (Chrono Boost)  
  25  4:17  Stargate  
  25  4:19  Probe (Chrono Boost)  
  26  4:29  Probe (Chrono Boost)  
  27  4:32  Probe (Chrono Boost)  
  28  4:40  Probe (Chrono Boost)  
  28  4:43  Probe (Chrono Boost)  
  28  4:50  Probe (Chrono Boost)  
  29  4:53  Probe (Chrono Boost)  
  30  5:01  Probe (Chrono Boost)  
  30  5:02  Void Ray  
  35  5:18  Probe (Chrono Boost)  
  36  5:29  Probe (Chrono Boost)  
  37  5:39  Probe (Chrono Boost)  
  29  6:10  Probe (Chrono Boost)  
  30  6:16  Void Ray  
  33  6:22  Probe (Chrono Boost)  
  18  6:36  Pylon  
  18  6:42  Fleet Beacon  
Show
View Real Time Build Order
Export as new Build Order

TimeTwist Zerg 

Build Orders: Hatch First 

Get SALT Encoding   

  12  0:01  Drone  
  13  0:12  Overlord  
  13  0:17  Drone  
  14  0:31  Drone x2  
  17  0:35  Drone  
  17  0:45  Drone  
  18  0:58  Hatchery  
  18  1:00  Drone  
  18  1:07  Drone  
  19  1:16  Spawning Pool  
  18  1:20  Drone  
  19  1:35  Overlord  
  19  1:48  Drone  
  19  1:52  Extractor  
  19  2:04  Queen, Zergling x4  
  23  2:11  Queen, Drone  
  26  2:17  Zergling x2  
  27  2:26  Roach Warren  
  26  2:42  Drone x4  
  30  2:50  Drone x2  
  32  3:02  Drone, Overlord  
  33  3:15  Evolution Chamber  
  33  3:18  Pneumatized Carapace  
  32  3:21  Drone x5  
  32  3:22  Drone x2  
  39  3:29  Overlord x2  
  39  3:31  Drone  
  40  3:45  Drone x4  
  43  4:10  Roach x5  
  43  4:11  Roach x2  
  43  4:12  Drone  
  58  4:17  Extractor  
  58  4:20  Extractor  
  58  4:21  Extractor  
  55  4:24  Roach x3  
  55  4:26  Overlord x2  
  59  4:37  Hatchery  
  58  4:53  Roach x2  
  58  4:54  Roach x2  
  58  4:56  Roach  
  58  4:57  Overlord x2  
  58  5:18  Roach x3  
  58  5:19  Overlord x3  
  56  5:26  Zergling x2  
  47  5:44  Roach x3  
  47  5:45  Lair  
  51  5:52  Spine Crawler  
  47  5:57  Spine Crawler  
  47  5:58  Spine Crawler  
  41  6:13  Roach  
  41  6:14  Roach x4  
Tags
 
Add a new tag
Caveats
  • Supply blocks, unpowered buildings, or Contaminate may cause inaccurate times.
  • Supply counts are checked every 10 seconds.